AoeStats
← 我不知道

Arabia

510496490Analyzed
1v1 RM · 9h ago on Oct 1, 2026· 35m 11s· 2 players
Game mode
Random Map
Map size
Tiny (2 player)
Population
200
Speed
Normal
Resources
Standard
Victory
Conquest
Starting age
Dark Age
Ending age
Imperial Age
RankedLock teamsTeams togetherTeam positionsShared explorationLock speedFull tech treeHidden civsTurbo modeCheats
Victory
Defeat
🇷🇺 Mongols · Russia
1015
+14
🇨🇳 Saxons · China
964
-14
历史大帝
9:13 Loom
11:18 Feudal Age
13:28 Double-Bit Axe
19:11 Castle Age
19:51 Scale Mail Armor
20:02 Forging
19:55 Squires
19:41 Gambesons
19:46 Arson
22:57 Chain Mail Armor
27:18 Fletching
27:30 Padded Archer Armor
27:34 Husbandry
32:22 Bodkin Arrow
我不知道
6:29 Loom
9:03 Feudal Age
9:45 Double-Bit Axe
10:14 Horse Collar
21:13 Castle Age
20:14 Fletching
21:09 Bloodlines
21:59 Bodkin Arrow
22:29 Husbandry
22:48 Bow Saw
23:50 Gold Mining
24:05 Padded Archer Armor
25:36 Thumb Ring
27:16 Ballistics
32:19 Imperial Age
30:18 Leather Archer Armor
32:23 Wheelbarrow
31:59 Stone Mining
32:33 Heavy Cavalry Archer
34:38 Bracer
Connection lost

Rejoining the realm…

Still unreachable

The connection could not be restored.

Session expired

The server has moved on; the page needs a fresh start.